Map: Lightshade LE

Players

Lemon

  • Race: Terran Terran

Has - Winner!

  • Race: Protoss Protoss

Event: DreamHack SC2 Masters 2021 Fall

VOD

Have the link to the VOD?

Description

Time

  • Played on: July 28, 2021, 9:12 a.m.
  • Length: 10:39

All games in this series

Show
View Real Time Build Order
Export as new Build Order

Lemon Terran 

Build Orders:  

Get SALT Encoding   

  12  0:00  SCV  
  13  0:12  SCV  
  14  0:17  Supply Depot  
  14  0:24  SCV  
  15  0:38  SCV  
  15  0:40  Barracks  
  16  0:42  Refinery  
  16  0:51  SCV  
  17  1:03  SCV  
  18  1:15  SCV  
  19  1:27  Marine, Orbital Command  
  20  1:39  Command Center  
  21  1:54  Marine  
  21  1:57  Factory  
  21  1:59  SCV  
  22  2:11  Supply Depot, SCV  
  22  2:13  Barracks Reactor  
  23  2:27  Refinery  
  23  2:33  SCV  
  24  2:41  Hellion  
  24  2:42  Starport  
  26  2:45  SCV  
  26  2:49  Marine x2  
  26  2:50  Orbital Command  
  29  2:57  SCV  
  30  3:02  Hellion  
  32  3:09  SCV  
  32  3:12  Marine x2  
  33  3:19  Medivac  
  37  3:23  SCV  
  37  3:25  Supply Depot, Hellion  
  40  3:30  SCV  
  40  3:32  Marine x2  
  43  3:47  SCV x2, Supply Depot  
  45  3:49  Factory Tech Lab  
  45  3:50  Marine x2  
  47  3:59  SCV x2  
  47  4:00  Supply Depot  
  49  4:11  SCV x2  
  49  4:12  Marine  
  49  4:13  Marine, Siege Tank  
  55  4:22  Barracks  
  49  4:34  Marine x2  
  49  4:37  Bunker  
  46  4:39  SCV x2  
  46  4:41  Barracks  
  44  4:47  Siege Tank  
  44  4:51  SCV x2  
  44  4:52  Marine x2  
  51  4:59  Refinery, Engineering Bay  
  51  5:03  SCV x2  
  52  5:12  Marine x2  
  52  5:13  Barracks Tech Lab  
  50  5:15  SCV  
  47  5:24  Siege Tank  
  47  5:26  SCV  
  47  5:27  SCV  
  50  5:29  Terran Infantry Weapons Level 1  
  50  5:32  Barracks Tech Lab  
  50  5:35  Marine x2  
  50  5:38  Marine, SCV, Stimpack  
  50  5:39  SCV  
  55  5:43  Refinery, Medivac  
  57  5:50  SCV, Barracks  
  57  5:51  Barracks, Combat Shield  
  57  5:53  Marauder  
  57  5:54  Marine  
  57  5:55  Marine  
  64  5:57  Marauder  
  64  6:00  SCV  
  65  6:04  Siege Tank  
  65  6:10  Supply Depot  
  68  6:18  Marine x3  
  63  6:27  Marine  
  63  6:28  SCV x2  
  63  6:35  Marine  
  63  6:36  Marine  
  63  6:38  Marine x2, Siege Tank  
  70  6:40  SCV  
  70  6:45  Marine  
  70  6:46  SCV  
  73  6:48  Starport Reactor  
  73  6:49  Supply Depot  
  73  6:51  Supply Depot  
  73  6:53  Marine x2, SCV  
  76  6:56  Marine x2  
  78  7:01  Supply Depot  
  78  7:03  SCV  
  78  7:04  Marine  
  78  7:06  SCV  
  77  7:08  Marine  
  77  7:11  Marine x2  
  77  7:14  Marine  
  77  7:15  SCV  
  81  7:18  SCV, Siege Tank  
  85  7:26  Medivac  
  85  7:27  Marine x3, SCV, Medivac  
  85  7:29  Marine  
  94  7:30  Supply Depot  
  93  7:39  Marine x2  
  95  7:44  Marine  
  95  7:45  Marine  
  95  7:49  Marine x2  
  99  7:56  Marine x2  
  101  8:02  Marine x2  
  101  8:06  Marine  
  101  8:11  Marine, Medivac x2, Siege Tank  
  110  8:25  Marine  
  110  8:28  Marine  
  110  8:32  Marine  
  110  8:42  Marine  
  110  8:43  Marine x3  
  102  8:49  Marine  
  102  8:50  Marine  
  98  9:01  Marine x2  
  99  9:08  Marine  
  71  9:37  Orbital Command  
  58  9:49  Marine x2  
  55  9:58  Orbital Command  
Show
View Real Time Build Order
Export as new Build Order

Has Protoss - Winner!

Build Orders: 1 Gate Expand, Blink Stalkers 

Get SALT Encoding   

  12  0:00  Probe  
  13  0:12  Probe  
  14  0:16  Pylon  
  14  0:24  Probe (Chrono Boost)  
  16  0:36  Gateway, Probe (Chrono Boost)  
  16  0:41  Probe (Chrono Boost)  
  17  0:46  Assimilator  
  17  0:51  Probe  
  18  1:03  Probe  
  19  1:16  Probe  
  20  1:22  Nexus  
  20  1:31  Cybernetics Core  
  20  1:35  Probe  
  20  1:39  Assimilator  
  21  1:47  Probe  
  21  1:50  Pylon  
  22  1:59  Probe  
  23  2:05  Adept (Chrono Boost)  
  25  2:09  Warp Gate  
  25  2:11  Probe  
  26  2:17  Twilight Council  
  26  2:23  Probe  
  26  2:29  Stalker  
  29  2:34  Probe (Chrono Boost)  
  31  2:39  Probe (Chrono Boost)  
  32  2:46  Probe (Chrono Boost)  
  32  2:50  Blink (Chrono Boost)  
  32  2:51  Probe x2 (Chrono Boost)  
  34  2:59  Probe  
  34  3:02  Probe  
  34  3:03  Stalker  
  38  3:11  Probe  
  39  3:13  Pylon  
  39  3:14  Probe  
  40  3:24  Probe  
  40  3:26  Probe  
  40  3:28  Shield Battery  
  40  3:30  Gateway  
  40  3:34  Gateway  
  40  3:37  Probe  
  41  3:43  Robotics Facility, Probe  
  42  3:49  Probe  
  42  3:53  Pylon  
  43  3:56  Probe  
  43  3:57  Stalker  
  43  4:02  Probe  
  47  4:12  Probe  
  48  4:17  Probe  
  48  4:22  Stalker  
  51  4:27  Stalker, Probe  
  51  4:29  Stalker, Probe  
  46  4:39  Probe  
  46  4:42  Nexus  
  46  4:44  Observer (Chrono Boost)  
  48  4:52  Stalker x2  
  52  4:54  Probe x2  
  54  5:02  Stalker  
  54  5:05  Pylon  
  54  5:06  Probe x2  
  54  5:18  Probe  
  54  5:19  Probe  
  52  5:26  Stalker x2  
  56  5:30  Probe (Chrono Boost)  
  56  5:31  Probe (Chrono Boost)  
  56  5:34  Charge (Chrono Boost)  
  58  5:37  Forge  
  58  5:39  Forge  
  58  5:42  Probe (Chrono Boost)  
  60  5:43  Probe (Chrono Boost)  
  60  5:45  Stalker  
  60  5:48  Probe x2 (Chrono Boost)  
  64  5:54  Gateway  
  64  5:56  Probe (Chrono Boost)  
  66  5:57  Probe (Chrono Boost)  
  66  6:02  Gateway  
  66  6:04  Gateway  
  67  6:07  Probe x2 (Chrono Boost)  
  69  6:11  Probe (Chrono Boost)  
  69  6:13  Probe (Chrono Boost)  
  67  6:18  Probe  
  67  6:19  Protoss Ground Weapons Level 1 (Chrono Boost)  
  66  6:30  Stalker x2  
  64  6:33  Zealot  
  64  6:36  Protoss Ground Armor Level 1 (Chrono Boost)  
  64  6:39  Gateway x2, Warp Prism  
  68  6:43  Pylon  
  68  6:45  Pylon  
  68  6:49  Pylon  
  68  6:56  Zealot x3  
  68  6:57  Zealot x2  
  78  7:03  Pylon  
  78  7:05  Probe  
  79  7:13  Zealot, Probe  
  82  7:16  Probe  
  82  7:17  Nexus  
  82  7:18  Zealot x2  
  82  7:19  Zealot  
  82  7:20  Pylon  
  89  7:25  Sentry  
  89  7:26  Observer (Chrono Boost)  
  89  7:28  Probe x2  
  89  7:29  Probe  
  95  7:36  Stalker  
  95  7:37  Stalker, Zealot x2  
  99  7:41  Zealot x2  
  99  7:43  Pylon  
  107  7:48  Zealot  
  107  7:49  Zealot  
  107  7:50  Pylon x2, Probe  
  107  7:51  Probe  
  113  8:02  Zealot x4  
  113  8:03  Zealot x2  
  115  8:11  Zealot x2  
  119  8:22  Zealot x2  
  119  8:23  Zealot x4  
  130  8:39  Zealot x2  
  126  8:48  Stalker x6  
  113  9:05  Zealot x2  
  112  9:11  Stalker x3  
  112  9:13  Zealot  
  118  9:18  Probe (Chrono Boost)  
  65  9:37  Zealot x4  
  61  9:44  Probe (Chrono Boost)  
  62  9:55  Pylon  
  62  10:16  Probe (Chrono Boost)  
  64  10:21  Probe (Chrono Boost)  
  52  10:28  Probe (Chrono Boost)  

Tags
 
Add a new tag
Caveats
  • Supply blocks, unpowered buildings, or Contaminate may cause inaccurate times.
  • Supply counts are checked every 10 seconds.